 BcadrenCrawl: Boulder Brew version 0.06-744-gf22570f5e0 (webtiles) character file.

Game seed: 6115384614739125154

3285 LabCoat the Cleaver (level 10, -1/118 HPs) Hill Orc Fighter. Began on Mar 6, 2023. Slain by a green ugly thing (6 damage) ... on level 4 of the Dungeon. The game lasted 00:25:50 (4946 turns).

LabCoat the Cleaver (Hill Orc Fighter)              Turns: 4946, Time: 00:25:51

Health: -1/118     AC: 12    Str: 22 (23) XL:     10 ^: 4533
Magic:  10/10      EV: 12    Int:  8      God:
Gold:   186        SH:  4    Dex: 10      Spells: 9/9 levels left

rFire    + . .     Slash    x   a - +0 war axe
rCold    . . .     Pierce   .   k - +1 buckler {reflect}
rNeg     . . .     Bludgeon .   p - +0 fire dragon scales
rCorr    . . .     Vision   .   (no helmet)
rPois    .         Gourm    +   y - +0 cloak
rElec    .         Faith    .   (no gloves)
MR       +....     Spirit   .   (no boots)
HPRegen  0.49/turn Reflect  +   x - amulet of the gourmand
MPRegen  0.20/turn Harm     .   m - ring of protection from magic
Stlth    ..........             r - ring of ice

@: lethally poisoned (-1 -> -7), about to teleport
A: soft flesh
a: no special abilities


You were on level 4 of the Dungeon.
You were not hungry.

You visited 1 branch of the dungeon, and saw 4 of its levels.

You collected 186 gold pieces.

Inventory:

Weapons
 a - a +0 war axe (weapon)
 e - a +0 spear
 n - a +1 dagger of holy wrath Shields
 c - a +0 heater shield
 k - a +1 buckler of reflection (shield)
 o - a +0 targe
Armour
 p - +0 fire dragon scales (worn)
 y - a +0 cloak (worn)
Jewellery
 b - a cursed ring of stealth {(Curse: rC-)}
 h - a cursed ring of positive energy {(Curse: *Drain)}
 i - a cursed ring of intelligence {(Curse: *Drain)}
 m - a ring of protection from magic (left hand)
 q - an uncursed ring of wizardry
 r - a ring of ice (right hand)
 v - a cursed ring of evasion {(Curse: rC-)}
 x - an amulet of the gourmand (around neck)
 z - an uncursed ring of fire
 C - an uncursed ring of ice
Wands
 d - a wand of healing (3)
Scrolls
 j - 7 scrolls of random uselessness
 t - a scroll of magic mapping
 u - a scroll of fog
 w - 2 scrolls of teleportation
 A - a scroll of immolation
Potions
 l - a potion of cure mutation
 s - a potion of resistance
 B - a potion of cancellation
Comestibles
 f - 6 rations
 g - a chunk of flesh


   Skills:
 * Level 10.1 Fighting
 * Level 10.5 Axes & Hammers
 * Level 8.3 Armour
 + Level 4.3 Dodging
 + Level 7.8 Shields
 - Level 3.6 Evocations


You had 9 spell levels left.
You didn't know any spells.
Your spell library was empty.

Dungeon Overview and Level Annotations

Branches:
Dungeon (4/8)
 Temple: D:4

Altars:

Shops:
D:3 ?


Innate Abilities, Weirdness & Mutations

Your soft flesh is weak to deep cuts.
Heavy manmade armour will nullify this weakness. (rSlashing-)


Message History

You feel sick. (2)
The green ugly thing tail-slaps you (5).
* * * LOW HITPOINT WARNING * * *
You hit the green ugly thing (5).
The green ugly thing is heavily wounded. (30/66) HP You feel sick. (2)
The green ugly thing tail-slaps you but does no damage.
You slash the green ugly thing (11)!
The green ugly thing is severely wounded. (20/66) HP You feel sick. (2)
The green ugly thing tail-slaps you but does no damage.
The green ugly thing tail-slaps you (8)!
* * * LOW HITPOINT WARNING * * *
Okay, then.
As you read the scroll of teleportation, it crumbles to dust.
You feel strangely unstable.
* * * LOW HITPOINT WARNING * * *
You feel sick. (2)
The green ugly thing tail-slaps you (6).
You die...

## ##. ..# #
..#. ... #.#
#.# #
#.###†##.###
##.....@us..#
#..###.####..#
#..# #.# ##..#
#.# #...###.#
#..)....#
#..###### #..#
#).#


You could see a green ugly thing and a bone scorpion.

Vanquished Creatures
  Purgy (D:2)
  A water moccasin (D:2)
  An ogre (D:3)
  5 big kobolds (D:2)
  2 jellies (D:2)
  2 iguanas (D:3)
  3 orc wizards (D:3)
  3 worker ants (D:3)
  A wyvern skeleton (D:3)
  15 giant cockroaches
  3 adders
  A gnoll (D:1)
  A gwybwca (D:4)
  48 sewer rats
  11 cinder newts
  6 worms
  A bullfrog (D:2)
  5 oozes
  A dart slug (D:1)
  5 leopard geckos
  10 orcs (D:3)
  4 adder skeletons
  A cinder newt skeleton (D:2)
  4 goblins (D:1)
  5 hobgoblins
  4 jackals (D:3)
  A quokka (D:3)
  3 ball pythons (D:2)
  4 bats
  A bat skeleton (D:2)
  A hobgoblin skeleton (D:2)
  14 kobolds
  An orc skeleton (D:2)
  A quokka skeleton (D:3)
  A rat skeleton (D:2)
  3 withered plants (D:2)
174 creatures vanquished.

Vanquished Creatures (others)
  A giant cockroach (D:2)
  2 sewer rats (D:2)
  A worm (D:2)
  A bat (D:2)
  4 kobolds (D:2)
  4 giant blowflies (D:2)
  4 slimeheads (D:2)
  123 withered plants (D:2)
140 creatures vanquished.

Grand Total: 314 creatures vanquished

Notes
Turn   | Place    | Note
-------+----------+-------------------------------------------
     0 | D:1      | LabCoat the Hill Orc Fighter began the quest for the Orb.
     0 | D:1      | Reached XP level 1. HP: 29/29 MP: 1/1
    63 | D:1      | Reached XP level 2. HP: 37/39 MP: 2/2
   225 | D:1      | Reached XP level 3. HP: 25/49 MP: 3/3
   494 | D:1      | Reached XP level 4. HP: 55/59 MP: 4/4
  1088 | D:2      | Reached XP level 5. HP: 32/69 MP: 5/5
  1090 | D:2      | Reached skill level 1 in Dodging
  1425 | D:2      | Reached skill level 5 in Fighting
  1425 | D:2      | Reached XP level 6. HP: 79/79 MP: 6/6
  1640 | D:2      | Reached skill level 5 in Axes & Hammers
  1977 | D:2      | Noticed Purgy
  1997 | D:2      | Killed Purgy
  1997 | D:2      | Reached skill level 5 in Shields
  1997 | D:2      | Reached XP level 7. HP: 56/89 MP: 7/7
  2467 | D:2      | Reached XP level 8. HP: 24/99 MP: 8/8
  3417 | D:2      | Reached skill level 5 in Armour
  4014 | D:2      | Reached skill level 10 in Axes & Hammers
  4014 | D:2      | Reached XP level 9. HP: 104/108 MP: 9/9
  4174 | D:3      | Reached skill level 10 in Fighting
  4401 | D:3      | Found Hizxus's Magic Scroll Emporium.
  4450 | D:3      | Reached XP level 10. HP: 46/118 MP: 10/10
  4946 | D:4      | HP: 5/118 [poisoned by a green ugly thing]
  4946 | D:4      | Slain by a green ugly thing

Illustrated notes

Levels and vault maps discovered:
D:1:      dpeg_arrival_tiny_b, layout_rooms, portal_sewer_entry_a
D:2:      cheibrodos_thug_alley, layout_sewer, nrook_loot_triangle, uniq_purgy
D:3:      layout_cave_pools, serial_shops, shop_scrolls, first_ration
D:4:      layout_loops_ring, vehumet_statue, minmay_temple_entry_junction

Skill      XL: |  1  2  3  4  5  6  7  8  9 |
---------------+----------------------------+-----
Axes & Hammers | 3 4 5 6 10 | 10.5
Fighting       | 4 5 6 9 10 | 10.1
Shields        | 4 5 7 |  7.8
Dodging        | 1 2 4 |  4.3
Armour         | 4 8 |  8.3
Evocations     | 3 |  3.6

Action                   |  1- 3 |  4- 6 |  7- 9 | 10-12 || total
-------------------------+-------+-------+-------+-------++-------
Melee: War axe           |    43 |   124 |   341 |    25 ||   533
Throw: Stone             |       |    23 |    58 |       ||    81
       Skull             |       |    13 |    30 |       ||    43
       Bone              |       |    12 |    43 |       ||    55
       Rusty metal       |       |     9 |    27 |       ||    36
  Use: Potion            |     1 |     1 |     8 |     1 ||    11
       Scroll            |       |       |     1 |     2 ||     3
 Stab: Invisible         |       |       |     3 |       ||     3
  Eat: Chunk             |       |     4 |     9 |     2 ||    15
Armor: Scale mail        |    15 |    88 |    81 |       ||   184
       Fire dragon scale |       |       |   108 |    17 ||   125
Dodge: Dodged            |    10 |    49 |   116 |     9 ||   184
Block: Heater shield     |    19 |     8 |       |       ||    27
       Buckler           |       |    23 |    63 |     3 ||    89
       Reflection        |       |     1 |       |       ||     1
